 Dungeon Crawl Stone Soup version 0.31-a0-1589-g8f5e8aebd6 (webtiles) character file.

Game seed: 61638998986292650

12447 wildpjah the Nimble (level 11, -10/86 HPs)
             Began as a Merfolk Gladiator on Jan 6, 2024.
             Was a Believer of Dithmenos.
             Mangled by an orc warlord
             ... wielding a +3 great sword of holy wrath
              (17 damage)
             ... on level 1 of the Orcish Mines.
             The game lasted 00:28:54 (11250 turns).

wildpjah the Nimble (Merfolk Gladiator)            Turns: 11250, Time: 00:28:54

Health: -10/86     AC:  9    Str: 14    XL:     11   Next: 93%
Magic:  15/17      EV: 23    Int:  7    God:    Dithmenos [**....]
Gold:   1084       SH:  0    Dex: 27    Spells: 14/19 levels left

rFire   . . .        q - +7 Throatcutter {drain, coup de grace}
rCold   . . .        (no shield)
rNeg    . . .        F - +0 acid dragon scales
rPois   .            c - +0 helmet
rElec   .            (no cloak)
rCorr   +            h - +0 pair of gloves
SInv    +            (no boots)
Will    .....        B - amulet of the acrobat
Stlth   ++++         x - ring of see invisible
HPRegen 0.34/turn    C - +6 ring of dexterity
MPRegen 0.15/turn

%: acrobat
@: hasted, wreathed by umbra, very quick
A: (nimble swimmer 2), mertail
a: Renounce Religion, Shadow Step


You were on level 1 of the Orcish Mines.
You worshipped Dithmenos.
Dithmenos was pleased with you.
You visited 3 branches of the dungeon, and saw 13 of its levels.

You collected 1084 gold pieces.

Inventory:

Hand Weapons
 a - a +0 long sword
 i - a +0 falchion
 j - a +0 dagger
 q - the +7 Throatcutter (weapon) {drain, coup de grace}
   (You found it on level 5 of the Dungeon)
 D - a +3 short sword
 M - a +1 short sword of speed
Missiles
 e - 4 javelins
 m - 16 boomerangs (quivered)
 E - 37 poisoned darts
 J - 2 throwing nets
Armour
 b - a +0 leather armour
 c - a +0 helmet (worn)
 h - a +0 pair of gloves (worn)
 n - a +0 robe of fire resistance
 F - +0 acid dragon scales (worn)
 N - a +0 troll leather armour
Jewellery
 x - a ring of see invisible (left hand)
 B - an amulet of the acrobat (around neck)
 C - a +6 ring of dexterity (right hand)
 H - a +4 ring of protection
 R - a ring of positive energy
Wands
 r - a wand of mindburst (4)
 v - a wand of polymorph (9)
 w - a wand of quicksilver (12)
 G - a wand of charming (3)
 Q - a wand of roots (3)
Scrolls
 d - 3 scrolls of revelation
 g - 7 scrolls of identify {unknown}
 k - 3 scrolls of immolation
 l - 3 scrolls of teleportation
 o - a scroll of brand weapon {unknown}
 t - 3 scrolls of enchant armour {unknown}
 u - 3 scrolls of noise {unknown}
 y - a scroll of enchant weapon {unknown}
 A - a scroll of fear {unknown}
 I - 2 scrolls of amnesia {unknown}
Potions
 f - a potion of degeneration
 s - a potion of mutation {unknown}
 z - a potion of attraction {unknown}
 K - a potion of resistance {unknown}
 L - a potion of berserk rage {unknown}
 O - a potion of lignification {unknown}
 P - a potion of might {unknown}
 S - a potion of haste


   Skills:
 * Level 7.8 Fighting
 + Level 12.2 Long Blades
 + Level 3.0 Throwing
 + Level 3.8 Armour
 * Level 12.2 Dodging
 + Level 5.4 Stealth
 + Level 4.5 Spellcasting
 * Level 3.6 Hexes
 * Level 6.1 Ice Magic
 + Level 0.5 Evocations


You had 14 spell levels left.
You knew the following spells:

 Your Spells              Type           Power      Damage    Failure   Level
a - Ensorcelled Hibernat  Hex/Ice        16%        N/A       9%          2
b - Ozocubu's Armour      Ice            10%        N/A       10%         3

Your spell library contained the following spells:

 Spells                   Type           Power      Damage    Failure   Level
 Magic Dart               Conj           4%         1d3       38%         1
 Call Imp                 Summ           2%         N/A       54%         2
 Searing Ray              Conj           2%         2d4       54%         2
 Sublimation of Blood     Necr           1%         N/A       54%         2
 Passwall                 Erth           1%         N/A       77%         3
 Swiftness                Air            1%         N/A       77%         3
 Metabolic Englaciation   Hex/Ice        4%         N/A       83%         5
 Fulminant Prism          Conj/Alch      0%         3d5       99%         4
 Sculpt Simulacrum        Ice/Alch       2%         N/A       100%        6
 Summon Hydra             Summ           0%         N/A       100%        7


Dungeon Overview and Level Annotations

Branches:
Dungeon (10/15)            Temple (1/1) D:5             Orc (2/2) D:10
   Lair: D:8-11         Elf: Orc:2

Altars:
Ashenzari
Cheibriados
Dithmenos
Elyvilon
Fedhas
Gozag
Hepliaklqana
Kikubaaqudgha
Makhleb
Nemelex Xobeh
Okawaru
Qazlal
Ru
Sif Muna
Trog
Uskayaw
Vehumet
Wu Jian
Xom
Yredelemnul
Zin
The Shining One

Shops:
D:4 ?   D:8 =


Innate Abilities, Weirdness & Mutations

((You are very nimble when in or above water. (Stealth+, EV+, Speed+++)))
Your lower body shifts to a powerful aquatic tail in water.


Message History

Press: ? - help, Q - select action, (/) - cycle Dir - look around, f - activate A film of ice covers your body!
The ogre mage casts a spell at you.
You suddenly lose the ability to move!
The ogre mage points at you and mumbles some strange words.
You resist with significant effort.
A troll comes into view.
The ogre mage casts a spell.
The ogre mage flickers and vanishes for a moment.
The orc warlord completely misses you.
The ogre mage hits you from afar with a +0 spear.
The orc warlord hits you with a +3 great sword of holy wrath!!
You can move again.
The orc warlord hits you with a +3 great sword of holy wrath!!
* * * LOW HITPOINT WARNING * * *
You climb upwards.
Your icy armour cracks and falls away as you move.
There is a stone staircase leading down here.
Press: ? - help, v - describe, . - travel, g - get item
Here: an orc warlord, wielding a +3 great sword of holy wrath and wearing a +0 plate armour (umbra) Item here: 27 gold pieces.
The floor.
Unknown command.
You feel yourself speed up.
The orc warlord hits you with a +3 great sword of holy wrath!
* * * LOW HITPOINT WARNING * * *
It was a potion of heal wounds.
You feel much better.
You closely miss the orc warlord.
The orc warlord hits you with a +3 great sword of holy wrath!
* * * LOW HITPOINT WARNING * * *
Okay, then.
You hit the orc warlord. You drain the orc warlord.
The orc warlord is lightly wounded.
You completely miss the orc warlord.
The orc warlord is lightly wounded.
The orc warlord completely misses you.
You barely miss the orc warlord.
The orc warlord is lightly wounded.
The orc warlord hits you with a +3 great sword of holy wrath!
You die...

#............#
##....>.....##
##
##........##
#.####
#.......##
##..#..#.
##.#...##
##........
####.##
#......... ###
##.........
###.o....#
#....@[#
#....[)##
##......
##......
##......
##.#.... ##
.#... ......


You could see an orc warlord (drained).

Vanquished Creatures
  An ogre mage (Orc:1)
  3 two-headed ogres
  A catoblepas (D:8)
  A cyclops (Orc:2)
  5 trolls
  A hornet (D:9)
  Grinder (D:3)
  Sigmund (D:3)
  7 yaks
  A wraith (D:10)
  A wyvern (D:8)
  3 steam dragons (D:8)
  A vampire mosquito (D:8)
  2 acid dragons
  2 water moccasins
  Pargi (D:3)
  11 orc warriors
  A sky beast (D:7)
  2 ice beasts
  A black bear (D:7)
  8 ogres
  4 centaurs
  A phantom (D:4)
  4 bullfrogs
  6 kobold brigands
  A scorpion (D:6)
  A burial acolyte (D:5)
  13 killer bees
  3 howler monkeys
  Crazy Yiuf (D:3)
  A bombardier beetle (D:5)
  2 hounds (D:7)
  4 gnoll boudas
  2 orc priests (D:9)
  5 jellies
  A sleepcap (D:6)
  7 iguanas
  11 orc wizards
  2 hound zombies (D:5)
  13 gnolls
  6 adders
  3 shadow imps
  2 white imps (D:7)
  4 ufetubi (D:5)
  An adder zombie (D:5)
  6 dart slugs
  34 orcs
  4 ball pythons
  4 endoplasms
  2 giant cockroaches
  2 gnoll zombies (D:5)
  5 goblins
  7 hobgoblins
  3 jackals (D:1)
  4 quokkas
  6 bats
  3 frilled lizards
  17 kobolds
  2 kobold zombies (D:5)
  6 rats
258 creatures vanquished.

Notes
Turn   | Place    | Note
-------+----------+-------------------------------------------
     0 | D:1      | wildpjah the Merfolk Gladiator began the quest for the Orb.
     0 | D:1      | Reached XP level 1. HP: 16/16 MP: 1/1
   146 | D:1      | Reached XP level 2. HP: 19/22 MP: 2/2
   592 | D:1      | Reached XP level 3. HP: 23/27 MP: 3/3
   671 | D:1      | Reached skill level 5 in Dodging
  1671 | D:3      | Reached XP level 4. HP: 26/34 MP: 4/4
  1706 | D:3      | Noticed Sigmund
  1901 | D:3      | Noticed Pargi
  1940 | D:3      | Killed Pargi
  1941 | D:3      | Reached skill level 5 in Long Blades
  1941 | D:3      | Reached skill level 1 in Armour
  1941 | D:3      | Reached skill level 1 in Stealth
  1941 | D:3      | Reached XP level 5. HP: 13/40 MP: 5/5
  2155 | D:3      | Noticed Grinder
  2159 | D:3      | Paralysed by Grinder for 5 turns
  2620 | D:3      | Paralysed by Grinder for 4 turns
  2630 | D:3      | Killed Grinder
  2631 | D:3      | Reached XP level 6. HP: 33/47 MP: 6/6
  2739 | D:3      | Killed Sigmund
  2740 | D:3      | Reached XP level 7. HP: 39/52 MP: 7/7
  2826 | D:3      | Found a runed translucent door.
  2827 | D:3      | Noticed Crazy Yiuf
  2838 | D:3      | Killed Crazy Yiuf
  3201 | D:4      | Found Egimat's Magic Scroll Emporium.
  3788 | D:4      | Found a radiant altar of Vehumet.
  3814 | D:5      | Entered Level 5 of the Dungeon
  4299 | D:5      | Found the +7 Throatcutter {drain, coup de grace}
  4448 | D:5      | Reached XP level 8. HP: 60/60 MP: 8/8
  4642 | D:5      | Found a staircase to the Ecumenical Temple.
  4647 | Temple   | Entered the Ecumenical Temple
  4666 | Temple   | Became a worshipper of Dithmenos the Shadowed
  4901 | D:5      | Found an ancient bone altar of Kikubaaqudgha.
  4931 | D:5      | Learned a level 2 spell: Ensorcelled Hibernation
  5691 | D:5      | Reached skill level 1 in Ice Magic
  5742 | D:6      | Reached * piety under Dithmenos
  5857 | D:6      | Reached skill level 1 in Spellcasting
  6112 | D:6      | Reached XP level 9. HP: 66/66 MP: 12/12
  6316 | D:7      | Reached skill level 5 in Fighting
  7189 | D:8      | Found Nereotz's Jewellery Shoppe.
  7208 | D:8      | Reached skill level 10 in Dodging
  7226 | D:8      | Reached XP level 10. HP: 64/76 MP: 14/14
  7420 | D:8      | Reached ** piety under Dithmenos
  7654 | D:8      | Reached skill level 10 in Long Blades
  7719 | D:8      | Noticed a catoblepas
  8186 | D:8      | Reached skill level 5 in Ice Magic
  8744 | D:8      | Killed a catoblepas
  8877 | D:9      | Learned a level 3 spell: Ozocubu's Armour
  9284 | D:9      | Reached skill level 1 in Hexes
  9310 | D:9      | Reached XP level 11. HP: 74/83 MP: 17/17
 10082 | D:9      | Reached skill level 5 in Stealth
 10193 | D:10     | Entered Level 10 of the Dungeon
 10501 | D:10     | Noticed a two-headed ogre
 10511 | D:10     | Killed a two-headed ogre
 10865 | D:10     | Found a staircase to the Orcish Mines.
 10877 | Orc:1    | Entered Level 1 of the Orcish Mines
 10984 | Orc:2    | Entered Level 2 of the Orcish Mines
 11018 | Orc:2    | Noticed a two-headed ogre
 11025 | Orc:2    | Noticed a cyclops
 11026 | Orc:2    | Killed a two-headed ogre
 11139 | Orc:2    | Killed a cyclops
 11169 | Orc:2    | Noticed an ogre mage
 11169 | Orc:2    | Noticed a two-headed ogre
 11208 | Orc:2    | Noticed an ogre mage
 11217 | Orc:1    | Killed an ogre mage
 11230 | Orc:1    | Killed a two-headed ogre
 11233 | Orc:2    | Noticed an orc warlord
 11238 | Orc:2    | Paralysed by an ogre mage for 5 turns
 11250 | Orc:1    | Mangled by an orc warlord

Illustrated notes

Levels and vault maps discovered:
D:1:      psy_arrival_conway, layout_basic, amcnicky_mini_rare_corridor_liquid,
          grunt_decor_one_mirror
D:2:      layout_basic
D:3:      layout_basic, kennysheep_path_1, uniq_crazy_yiuf_cottage,
          uniq_sigmund, uniq_pargi, uniq_grinder
D:4:      layout_cave_pools, nicolae_overflow_hidden_temple, serial_shops,
          nicolae_take_the_stairs, st_stairs_1, kennysheep_generic_room_11
D:5:      layout_basic, regret_index_kikubaaqudgha_part_by_part,
          temple_doors_cd, nrook_loot_triangle
D:6:      layout_rooms
D:7:      layout_cave_pools
D:8:      minmay_chambers_of_sevens, layout_basic, serial_shops, shop,
          nicolae_letterblocks [nicolae_letter_subblock,
          nicolae_letter_subblock, nicolae_letter_subblock,
          nicolae_letter_subblock, nicolae_letter_subblock,
          nicolae_letter_subblock, nicolae_letter_subblock,
          nicolae_letter_subblock, nicolae_letter_subblock,
          nicolae_letter_subblock, nicolae_letter_subblock,
          nicolae_letter_subblock, nicolae_letter_subblock,
          nicolae_letter_subblock, nicolae_letter_subblock,
          nicolae_letter_subblock, nicolae_letter_subblock,
          nicolae_letter_subblock, nicolae_letter_subblock,
          nicolae_letter_subblock, nicolae_letter_subblock,
          nicolae_letter_subblock, nicolae_letter_subblock,
          nicolae_letter_subblock, nicolae_letter_subblock]
D:9:      kennysheep_seaside_town, layout_loops_ring, feat_on_display
D:10:     layout_basic, orc_0_dummy
Temple:   nicolae_temple_slightly_damp_pantheon
Orc:1:    layout_diamond_mine, basic_altar
Orc:2:    st_orc_open, layout_diamond_mine, basic_altar, uniq_jorgrun

Skill      XL: |  1  2  3  4  5  6  7  8  9 10 11 |
---------------+----------------------------------+-----
Long Blades    | 4 5 6 7 8 9 11 12 | 12.2
Dodging        | 5 6 7 8 10 11 12 | 12.2
Armour         | 1 2 3 |  3.8
Stealth        | 1 2 3 4 5 |  5.4
Fighting       | 3 4 5 6 7 |  7.8
Ice Magic      | 2 4 5 6 |  6.1
Spellcasting   | 2 3 4 |  4.5
Hexes          | 1 3 |  3.6
Throwing       | 3 |  3.0
Evocations     | |  0.5

Action                     |  1- 3 |  4- 6 |  7- 9 | 10-12 || total
---------------------------+-------+-------+-------+-------++-------
  Melee: Long sword        |    94 |   116 |   156 |   280 ||   646
         Falchion          |       |       |   242 |       ||   242
         Punch             |       |       |     4 |     7 ||    11
         Short sword       |       |       |       |     1 ||     1
  Throw: Throwing net      |       |     3 |       |       ||     3
         Javelin           |       |     3 |     4 |       ||     7
         Boomerang         |       |       |    10 |     3 ||    13
         Dart              |       |       |       |     1 ||     1
   Cast: Ensorcelled Hiber |       |       |     1 |     6 ||     7
         Ozocubu's Armour  |       |       |       |     2 ||     2
 Invoke: Shadow Step       |       |       |       |     1 ||     1
  Evoke: Wand              |       |       |       |     3 ||     3
    Use: Potion            |       |     2 |       |     2 ||     4
         Scroll            |       |     2 |     3 |     1 ||     6
   Stab: Sleeping          |     1 |     1 |     6 |    10 ||    18
         Held in net/web   |       |     3 |       |       ||     3
         Distracted        |       |       |       |     1 ||     1
 Armour: Leather armour    |    50 |    58 |   153 |    33 ||   294
         Acid dragon scale |       |       |       |    66 ||    66
  Dodge: Dodged            |    92 |    95 |   390 |   263 ||   840

Table legend: (Time is in decaauts)
 A = Elapsed time spent in this place.
 B = Non-inter-level travel time spent in this place.
 C = Inter-level travel time spent in this place.
 D = Time resting spent in this place.
 E = Time spent auto-exploring this place.
 F = Levels seen in this place.
 G = Mean time per level.
                   A        B        C        D        E       F      G
               +--------+--------+--------+--------+--------+-----+--------+
         Total |  11218 |  10574 |    644 |   1054 |   7407 |  13 |  862.9 |
       Dungeon |  10816 |  10228 |    588 |    937 |   7329 |  10 | 1081.6 |
        Temple |     41 |      5 |     36 |      0 |      0 |   1 |   41.0 |
  Orcish Mines |    360 |    340 |     20 |    117 |     78 |   2 |  180.0 |
               +--------+--------+--------+--------+--------+-----+--------+

Top non-repeatable levels by time:
     D:5: 1851 daAuts
     D:3: 1368 daAuts
     D:8: 1359 daAuts
     D:7: 1238 daAuts
     D:9: 1232 daAuts
     D:2: 919 daAuts
     D:1: 830 daAuts
     D:4: 726 daAuts
    D:10: 680 daAuts
     D:6: 609 daAuts
   Orc:1: 241 daAuts
   Orc:2: 119 daAuts
  Temple: 41 daAuts
